 Dungeon Crawl Stone Soup version 0.28.0-47-ge53b351184 (webtiles) character file.

Game seed: 7194119393711333269

767 croobank the Firebug (level 7, -4/43 (51) HPs)
             Began as a Gnoll Fire Elementalist on May 8, 2022.
             Was an Initiate of Vehumet.
             Slain by a wight
             ... wielding a +0 mace
              (6 damage)
             ... on level 5 of the Dungeon.
             The game lasted 00:17:31 (5673 turns).

croobank the Firebug (Gnoll Fire Elementalist)      Turns: 5673, Time: 00:17:32

HP:   -4/43 (51)    AC:  4    Str:  7    XL:     7   Next: 82%
MP:   1/15          EV:  7    Int: 16    God:    Vehumet [......]
Gold: 273           SH:  0    Dex: 13    Spells: 10/17 levels left

rFire   . . .      SeeInvis .   o - +2 whip (elec)
rCold   . . .      Faith    .   (no shield)
rNeg    . . .      Spirit   .   m - +0 robe
rPois   +          Reflect  .   (no helmet)
rElec   .          Harm     .   f - +0 cloak
rCorr   .          Rampage  .   l - +0 pair of gloves
Will    .....                   (no boots)
Stlth   +++.......              (no amulet)
HPRegen 0.14/turn               r - ring of poison resistance
MPRegen 0.14/turn               (no ring)

@: very slightly contaminated, held, heavily drained
A: fangs 1, strong nose, distributed training
a: Renounce Religion


You were on level 5 of the Dungeon.
You worshipped Vehumet.
Vehumet was noncommittal.
You visited 2 branches of the dungeon, and saw 6 of its levels.

You collected 273 gold pieces.

Inventory:

Hand Weapons
 a - a +0 falchion
 b - the +6 triple crossbow "Karrec" {penet, rC+++ rN+ Will+}
   (You acquired it on level 3 of the Dungeon)

   Any ammunition fired by it passes through the targets it hits, potentially
   hitting all targets in its path until it reaches maximum range.
   rC:        It renders you almost immune to cold.
   rN:        It protects you from negative energy.
   Will:      It increases your willpower.
 e - a +5 hand axe of freezing
 o - a +2 whip of electrocution (weapon)
 s - a +0 bardiche
 z - a +1 spear of flaming
Missiles
 d - 25 bolts
 i - 30 arrows
 j - 152 stones
 q - 3 poisoned darts
Armour
 f - a +0 cloak (worn)
 l - a +0 pair of gloves (worn)
 m - a +0 robe (worn)
 y - a +3 scale mail
 A - a +2 buckler of protection
Magical Staves
 v - a staff of poison
Jewellery
 n - an amulet of reflection
 r - a ring of poison resistance (left hand)
Wands
 B - a wand of polymorph (13)
Scrolls
 k - 2 scrolls of holy word
 w - a scroll of summoning {unknown}
 x - a scroll of vulnerability {unknown}
 C - a scroll of teleportation {unknown}
Potions
 g - a potion of haste {unknown}
 h - 4 potions of curing {unknown}
 p - a potion of attraction {unknown}
 t - 2 potions of brilliance {unknown}
 u - a potion of ambrosia {unknown}


   Skills:
 + Level 2.7 Fighting
 + Level 2.7 Short Blades
 + Level 2.7 Long Blades
 + Level 2.7 Axes
 + Level 2.7 Maces & Flails
 + Level 2.7 Polearms
 + Level 2.7 Staves
 + Level 2.7 Slings
 + Level 2.7 Bows
 + Level 2.7 Crossbows
 + Level 2.7 Throwing
 + Level 2.7 Armour
 + Level 5.3 Dodging
 + Level 5.0 Stealth
 + Level 2.7 Shields
 + Level 2.7 Unarmed Combat
 + Level 5.7 Spellcasting
 + Level 3.1 Conjurations
 + Level 2.2 Hexes
 + Level 2.2 Summonings
 + Level 2.2 Necromancy
 + Level 2.2 Translocations
 + Level 2.2 Transmutations
 + Level 5.9 Fire Magic
 + Level 2.2 Ice Magic
 + Level 2.2 Air Magic
 + Level 2.2 Earth Magic
 + Level 2.2 Poison Magic
 + Level 3.0 Invocations
 + Level 2.7 Evocations


You had 10 spell levels left.
You knew the following spells:

 Your Spells              Type           Power      Damage    Failure   Level
a - Foxfire               Conj/Fire      76%        2x1d7     2%          1
b - Scorch                Fire           46%        2d7       1%          2
c - Flame Wave            Conj/Fire      19%        2d6       22%         4

Your spell library contained the following spells:

 Spells                   Type           Power      Damage    Failure   Level
 Conjure Flame            Conj/Fire      19%        6-21      7%          3
 Inner Flame              Hex/Fire       17%        N/A       8%          3


Dungeon Overview and Level Annotations

Branches:
Dungeon (5/15)             Temple (1/1) D:4

Altars:
Ashenzari
Cheibriados
Dithmenos
Fedhas
Gozag
Hepliaklqana
Kikubaaqudgha
Ru
Uskayaw
Vehumet
Wu Jian
Xom
Yredelemnul
The Shining One
Beogh

Annotations:
D:3 3 runed translucent doors, mitchisshort's ghost, amateur FoFi


Innate Abilities, Weirdness & Mutations

You have very sharp teeth.
Your uncanny sense of smell can sniff out nearby items.
Your experience applies equally to all skills.


Message History

You feel much better.
An orc comes into view. It is wielding a +0 hand axe.
The wight completely misses you.
Saving game... please wait.
Welcome back, croobank the Gnoll Fire Elementalist.
Vehumet says: Let it end in hellfire!
Press ? for a list of commands and other information.
Cast which spell? (? or * to list)
Okay, then.
Okay, then.
Okay, then.
Okay, then.
Okay, then.
Okay, then.
As you read the scroll of holy word, it crumbles to dust.
You speak a Word of immense power!
The wight convulses!
You destroy the wight!
Vehumet accepts your kill.
The wight convulses!
An orc comes into view. It is wielding a +0 whip.
The gnoll barely misses you.
Cast which spell? (? or * to list)
You miscast Scorch.
You are very lightly contaminated with residual magic.
Nothing appears to happen.
The wight closely misses you. The gnoll closely misses you.
The orc wizard casts a spell at you. The magic dart hits you.
* * * LOW HITPOINT WARNING * * *
Casting: Scorch (safe; 1% risk of failure)
Confirm with . or Enter, or press ? or * to list all spells.
Flames lash the gnoll.
The gnoll is moderately wounded.
The gnoll's fire resistance burns away.
The wight hits you with a +0 mace!
* * * LOW HITPOINT WARNING * * *
You feel drained.
* * * LOW HITPOINT WARNING * * *
The gnoll barely misses you.
You struggle against the net.
The wight hits you with a +0 mace.
You die...

..........
+........[))....).z.
##.#######
#......#[...[..z.... .....#
#########..##g###### ##.#.#
#..........#z#### ...#.#
#.....o.....g...# #....#
#...........z##.#
#....#######
##............<#
...........#
#...oo......#.##
####.......#
#..@zg)o........
#.......###...[g......#.###
#.......................#
#####.....[.............#
#..........##......>..
#...<......##.....####
#.....)....'........
#..........#########.
#..........#


You could see a wight (dazed), an orc wizard, 2 gnolls and 3 orcs.

Vanquished Creatures
  Edmund (D:5)
  A necrophage (D:5)
  A gnoll sergeant (D:5)
  4 wights
  An orc priest (D:5)
  A bullfrog skeleton (D:4)
  2 hounds (D:5)
  Jessica (D:2)
  An orc wizard (D:5)
  A howler monkey zombie (D:5)
  6 gnolls
  3 adders
  2 dart slugs (D:3)
  2 worms
  5 orcs
  8 ball pythons
  3 bats
  7 endoplasms
  3 giant cockroaches
  7 goblins
  4 hobgoblins
  3 jackals (D:2)
  8 kobolds
  4 quokkas
  6 frilled lizards
  3 rats
88 creatures vanquished.

Vanquished Creatures (others)
  144 foxfires
144 creatures vanquished.

Grand Total: 232 creatures vanquished

Notes
Turn   | Place    | Note
-------+----------+-------------------------------------------
     0 | D:1      | croobank the Gnoll Fire Elementalist began the quest for
                  | the Orb.
     0 | D:1      | Reached XP level 1. HP: 13/13 MP: 6/6
   195 | D:1      | Found a faded altar of an unknown god.
   207 | D:1      | Reached XP level 2. HP: 19/19 MP: 5/7
   236 | D:1      | Learned a level 2 spell: Scorch
  1017 | D:2      | Reached XP level 3. HP: 25/25 MP: 3/9
  1190 | D:2      | Reached skill level 5 in Spellcasting
  1736 | D:2      | Reached skill level 1 in Invocations
  1874 | D:2      | Noticed Jessica
  1875 | D:2      | Killed Jessica
  1876 | D:2      | Reached skill level 1 in Fighting
  1876 | D:2      | Reached skill level 1 in Short Blades
  1876 | D:2      | Reached skill level 1 in Long Blades
  1876 | D:2      | Reached skill level 1 in Axes
  1876 | D:2      | Reached skill level 1 in Maces & Flails
  1876 | D:2      | Reached skill level 1 in Polearms
  1876 | D:2      | Reached skill level 1 in Staves
  1876 | D:2      | Reached skill level 1 in Slings
  1876 | D:2      | Reached skill level 1 in Bows
  1876 | D:2      | Reached skill level 1 in Crossbows
  1876 | D:2      | Reached skill level 1 in Throwing
  1876 | D:2      | Reached skill level 1 in Armour
  1876 | D:2      | Reached skill level 1 in Shields
  1876 | D:2      | Reached skill level 1 in Unarmed Combat
  1876 | D:2      | Reached skill level 1 in Evocations
  1876 | D:2      | Reached XP level 4. HP: 32/32 MP: 8/11
  2296 | D:3      | Reached skill level 1 in Hexes
  2296 | D:3      | Reached skill level 1 in Summonings
  2296 | D:3      | Reached skill level 1 in Necromancy
  2296 | D:3      | Reached skill level 1 in Translocations
  2296 | D:3      | Reached skill level 1 in Transmutations
  2296 | D:3      | Reached skill level 1 in Ice Magic
  2296 | D:3      | Reached skill level 1 in Air Magic
  2296 | D:3      | Reached skill level 1 in Earth Magic
  2296 | D:3      | Reached skill level 1 in Poison Magic
  2705 | D:3      | Identified a scroll of acquirement
  2705 | D:3      | Acquired the +6 triple crossbow "Karrec" {penet, rC+++ rN+
                  | Will+}
  2758 | D:3      | Reached XP level 5. HP: 15/37 MP: 7/12
  2995 | D:3      | Found a runed translucent gate.
  2995 | D:3      | Found a runed translucent gate.
  2996 | D:3      | Found a runed translucent gate.
  2996 | D:3      | Noticed mitchisshort's ghost (amateur FoFi)
  3962 | D:4      | Found a staircase to the Ecumenical Temple.
  3971 | Temple   | Entered the Ecumenical Temple
  3981 | Temple   | Became a worshipper of Vehumet
  4207 | D:5      | Entered Level 5 of the Dungeon
  4598 | D:4      | Learned a level 4 spell: Flame Wave
  4608 | D:5      | Noticed a necrophage
  4611 | D:5      | Reached XP level 6. HP: 28/44 MP: 3/13
  4723 | D:5      | Killed a necrophage
  4724 | D:5      | Reached skill level 5 in Dodging
  4823 | D:5      | Noticed Edmund
  4837 | D:5      | Killed Edmund
  4838 | D:5      | Reached XP level 7. HP: 44/50 MP: 0/15
  5383 | D:4      | Reached skill level 5 in Stealth
  5668 | D:5      | HP: 2/43 [wight/+0 long sword (4)]
  5673 | D:5      | Slain by a wight

Illustrated notes

Levels and vault maps discovered:
D:1:      scummos_arrival_star, layout_basic,
          hellmonk_ecumenical_altar_crossroads, st_stairs_6
D:2:      layout_loops_ring, grunt_decor_arrowhead, grunt_ministairs_6,
          uniq_jessica
D:3:      layout_rooms, biasface_ghost_orc_armoury
D:4:      layout_basic, lemuel_temple_firewalk_a
D:5:      layout_basic, tgw_trog, ebering_ghost_disaster_area, uniq_edmund,
          uniq_ijyb
Temple:   regret_index_temple_chain_breaker

Skill      XL: |  1  2  3  4  5  6  7 |
---------------+----------------------+-----
Conjurations   | 2 3 |  3.1
Spellcasting   | 5 |  5.7
Invocations    | 1 2 3 |  3.0
Fighting       | 1 2 |  2.7
Short Blades   | 1 2 |  2.7
Long Blades    | 1 2 |  2.7
Axes           | 1 2 |  2.7
Maces & Flails | 1 2 |  2.7
Polearms       | 1 2 |  2.7
Staves         | 1 2 |  2.7
Slings         | 1 2 |  2.7
Bows           | 1 2 |  2.7
Crossbows      | 1 2 |  2.7
Throwing       | 1 2 |  2.7
Armour         | 1 2 |  2.7
Shields        | 1 2 |  2.7
Unarmed Combat | 1 2 |  2.7
Evocations     | 1 2 |  2.7
Hexes          | 1 2 |  2.2
Summonings     | 1 2 |  2.2
Necromancy     | 1 2 |  2.2
Translocations | 1 2 |  2.2
Transmutations | 1 2 |  2.2
Ice Magic      | 1 2 |  2.2
Air Magic      | 1 2 |  2.2
Earth Magic    | 1 2 |  2.2
Poison Magic   | 1 2 |  2.2
Dodging        | 5 |  5.3
Stealth        | 5 |  5.0
Fire Magic     | |  5.9

Action                   |  1- 3 |  4- 6 |  7- 9 || total
-------------------------+-------+-------+-------++-------
Melee: Bardiche          |       |     8 |       ||     8
       Whip              |       |    14 |     4 ||    18
       Punch             |       |     2 |     1 ||     3
       Bite              |       |     2 |       ||     2
 Fire: Triple crossbow   |       |     1 |       ||     1
 Cast: Foxfire           |    24 |    48 |    13 ||    85
       Scorch            |    19 |    35 |    22 ||    76
       Flame Wave        |       |       |     1 ||     1
  Use: Scroll            |     3 |     3 |     1 ||     7
       Potion            |       |       |     4 ||     4
Armor: Robe              |       |    14 |     1 ||    15
       Skin              |       |       |     2 ||     2
Dodge: Dodged            |       |    40 |     7 ||    47
